Map: Ulrena

Players

Draugen

  • Race: Zerg Zerg
  • League: Silver
  • Spawn Location: 11:00

zidar - Winner!

  • Race: Zerg Zerg
  • League: Silver
  • Spawn Location: 7:00

VOD

Have the link to the VOD?

Description

Time

  • Played on: Jan. 14, 2016, 2:10 p.m.
  • Length: 4:13
Show
View Real Time Build Order
Export as new Build Order

Draugen Zerg 

Build Orders: Hatch First 

Get SALT Encoding   

  12  0:07  Drone  
  12  0:13  Overlord  
  13  0:18  Drone  
  14  0:46  Drone  
  14  0:47  Hatchery  
  14  0:51  Extractor  
  14  0:53  Drone  
  14  1:14  Spawning Pool  
  14  1:15  Drone  
  14  1:25  Drone  
  15  1:26  Drone  
  16  1:35  Drone  
  17  1:43  Drone  
  18  1:48  Drone  
  19  2:01  Zergling x4  
  21  2:03  Queen  
  23  2:09  Metabolic Boost  
  23  2:14  Zergling x2  
  24  2:27  Zergling x6  
  27  2:47  Queen, Evolution Chamber  
  28  3:07  Overlord x2  
  27  3:17  Zergling x10  
  27  3:18  Zergling x2  
  28  3:21  Overlord  
  17  3:40  Zergling x4  
Show
View Real Time Build Order
Export as new Build Order

zidar Zerg - Winner!

Build Orders: Pool Only 

Get SALT Encoding   

  12  0:01  Drone  
  13  0:13  Drone  
  14  0:27  Spawning Pool  
  13  0:29  Drone  
  14  0:36  Extractor  
  14  0:37  Drone  
  14  0:44  Overlord  
  14  1:15  Queen, Zergling x2  
  14  1:18  Zergling x4  
  19  1:36  Metabolic Boost  
  19  1:39  Zergling x4  
  21  1:51  Zergling x2  
  22  1:58  Overlord  
  22  2:28  Zergling x10  
  27  2:35  Zergling x2  
  28  2:42  Roach Warren  
  27  2:45  Extractor  
  24  3:21  Zergling x2  
  24  3:22  Zergling x6  
  21  3:49  Zergling x4  
Tags
 
Matchup
ZvZ
Race
Zerg
Spawn Locations
Close Positions
Add a new tag
Caveats
  • Supply blocks, unpowered buildings, or Contaminate may cause inaccurate times.
  • Supply counts are checked every 10 seconds.